 Dungeon Crawl Stone Soup version 0.31-a0-237-g2d982f9f85 (webtiles) character file.

Game seed: 16946328284011487055

32 qw the Shooter (level 3, -1/21 HPs)
             Began as a Gargoyle Hexslinger on July 11, 2023.
             Slain by a gnoll
             ... wielding a +0 flail
              (3 damage)
             ... on level 2 of the Dungeon.
             The game lasted 00:00:19 (806 turns).

qw the Shooter (Gargoyle Hexslinger)                 Turns: 806, Time: 00:00:20

Health: -1/21      AC:  8    Str: 11    XL:     3   Next: 27%
Magic:  4/4        EV: 10    Int: 13    God:
Gold:   49         SH:  0    Dex: 14    Spells: 3/4 levels left

rFire   . . .        Y - +1 sling
rCold   . . .        (no shield)
rNeg    + . .        j - +0 ring mail
rPois   inf          (no helmet)
rElec   +            (no cloak)
rCorr   .            (no gloves)
SInv    .            (no boots)
Will    .....        (no amulet)
Stlth   +            (no ring)
HPRegen 0.23/turn    (no ring)
MPRegen 0.09/turn

%: no passive effects
@: no status effects
A: sickness immunity, AC +3, negative energy resistance 1, electricity
resistance, torment resistance 1, petrification resistance
a: no special abilities


You were on level 2 of the Dungeon.
You visited 1 branch of the dungeon, and saw 2 of its levels.

You collected 49 gold pieces.


Innate Abilities, Weirdness & Mutations

You are immune to sickness and miasma.
Your stone body is resilient. (AC +3)
You are immune to poison.
You resist negative energy. (rN+)
You are resistant to electric shocks. (rElec)
You are resistant to unholy torment.
You are immune to petrification.


   Skills:
 - Level 2.0 Fighting
 + Level 3.2 Ranged Weapons
 - Level 1.5 Dodging
 - Level 1.0 Spellcasting
 - Level 2.6 Hexes


You had 3 spell levels left.
You knew the following spells:

 Your Spells              Type           Power      Damage    Failure   Level
a - Slow                  Hex            28%        N/A       22%         1

Your spell library contained the following spells:

 Spells                   Type           Power      Damage    Failure   Level
 Inner Flame              Hex/Fire       4%         N/A       75%         3
 Portal Projectile        Hex/Tloc       8%         N/A       75%         3
 Cause Fear               Hex            3%         N/A       92%         4

Inventory:

Hand Weapons
 Y - a +1 sling (weapon)
Armour
 j - a +0 ring mail (worn)
Potions
 e - a potion of brilliance {unknown}
 l - a potion of haste {unknown}

Dungeon Overview and Level Annotations

Branches:
Dungeon (2/15)

Altars:


Message History

The sling bullet closely misses the gnoll.
The sling bullet hits the gnoll but does no damage.
The gnoll is moderately wounded.
The kobold completely misses you.
You shoot a sling bullet. The sling bullet hits the gnoll.
The gnoll is lightly wounded.
The kobold hits you but does no damage. The gnoll closely misses you.
You shoot a sling bullet.
The sling bullet barely misses the gnoll.
The gnoll hits you with a +2 flail of holy wrath.
The kobold barely misses you.
A ball python comes into view.
The quokka closely misses you. The kobold hits you with a +0 club.
The gnoll closely misses you. The gnoll barely misses you.
The gnoll hits you but does no damage.
You shoot a sling bullet.
The sling bullet closely misses the gnoll.
The quokka bites you but does no damage.
The quokka closely misses you. The gnoll closely misses you.
The gnoll misses you. The kobold hits you but does no damage.
The gnoll hits you with a +2 flail of holy wrath.
You shoot a sling bullet.
The sling bullet closely misses the gnoll.
The quokka barely misses you. The gnoll barely misses you. x2
The kobold hits you but does no damage.
The gnoll hits you with a +2 flail of holy wrath.
The quokka barely misses you.
You shoot a sling bullet.
The sling bullet closely misses the gnoll.
The sling bullet hits the ball python.
You kill the ball python!
The gnoll completely misses you. The kobold hits you with a +0 club.
The gnoll closely misses you. The gnoll barely misses you.
The quokka bites you. The gnoll hits you but does no damage.
The gnoll barely misses you. The gnoll hits you but does no damage.
The kobold hits you with a +0 club. The quokka barely misses you.
You shoot a sling bullet.
The sling bullet barely misses the gnoll.
The kobold hits you but does no damage. The gnoll hits you with a +0 flail.
You die...

..##.#........<......#
......................#
.....(................#
.?.....>..............#
.......%..............#
................#######
................#
...$..r.........#
......g@........#
......Kg#########
......g.# .........
......... ..........
.......... ..........#


You could see 3 gnolls, a quokka and a kobold.

Vanquished Creatures
  6 ball pythons
  3 endoplasms
  5 giant cockroaches
  3 goblins (D:1)
  A hobgoblin (D:2)
  4 kobolds (D:1)
  A quokka (D:1)
  3 bats
  3 rats (D:1)
29 creatures vanquished.

Notes
Turn   | Place    | Note
-------+----------+-------------------------------------------
     0 | D:1      | qw the Gargoyle Hexslinger began the quest for the Orb.
     0 | D:1      | Reached XP level 1. HP: 12/12 MP: 2/2
     0 | D:1      | 0 ||| qw: Version: 0.3-a-52-g30416fa
     0 | D:1      | 0 ||| qw: Game counter: 5562
     0 | D:1      | 0 ||| qw: Melee chars always use a shield: true
     0 | D:1      | 0 ||| qw: God list: Okawaru
     0 | D:1      | 0 ||| qw: Allow faded altars: false
     0 | D:1      | 0 ||| qw: Do Orc after clearing Dungeon:15 true
     0 | D:1      | 0 ||| qw: Do second Lair branch before Depths: true
     0 | D:1      | 0 ||| qw: Lair rune preference: random
     0 | D:1      | 0 ||| qw: Goals: Normal
     0 | D:1      | 0 ||| PLANNING D:1-11
   159 | D:1      | Reached XP level 2. HP: 16/16 MP: 3/3
   225 | D:1      | Reached skill level 3 in Ranged Weapons
   494 | D:1      | Reached XP level 3. HP: 21/21 MP: 4/4
   623 | D:1      | 623 ||| UPGRADING to +0 leather armour.
   633 | D:1      | 633 ||| DROPPING +0 robe.
   634 | D:1      | 634 ||| UPGRADING to +0 ring mail.
   644 | D:1      | 644 ||| DROPPING +0 leather armour.
   645 | D:1      | 645 ||| DROPPING +6 ring of intelligence.
   646 | D:1      | 646 ||| READING scroll labelled ZAITTI YGUSS.
   647 | D:1      | 647 ||| READING scroll labelled INEENIPHYU.
   648 | D:1      | 648 ||| READING scroll labelled VEFOSE MYOCHE.
   649 | D:1      | 649 ||| READING scroll labelled PONICO QODYN.
   650 | D:1      | 650 ||| DROPPING scroll of poison.
   805 | D:2      | HP: 2/21 [kobold/+0 club (4)]
   806 | D:2      | Slain by a gnoll

Levels and vault maps discovered:
D:1:      minmay_arrival_split_and_join, layout_loops_ring
D:2:      layout_basic, hex_medium, uniq_terence

Skill      XL: |  1  2 |
---------------+-------+-----
Ranged Weapons | 3 |  3.2
Fighting       | 2 |  2.0
Dodging        | |  1.5
Spellcasting   | |  1.0
Hexes          | |  2.6

Action                     || total
---------------------------++-------
   Fire: Sling             ||    71
    Use: Scroll            ||     4
 Armour: Robe              ||     4
         Ring mail         ||     8
  Dodge: Dodged            ||    26

Table legend:
 A = Non-vault XP
 B = Vault XP
 C = Vault XP percentage of total XP
 D = Non-vault monster count
 E = Vault monster count
 F = Vault count percentage of total count
                 A         B        C        D         E       F
            +---------+---------+-------+---------+---------+-------
      Total |      47 |       0 |   0.0 |      29 |       0 |   0.0
            +---------+---------+-------+---------+---------+-------
        D:1 |      37 |       0 |   0.0 |      23 |       0 |   0.0
        D:2 |      10 |       0 |   0.0 |       6 |       0 |   0.0
            +---------+---------+-------+---------+---------+-------
